 Dungeon Crawl Stone Soup version 0.24.0-123-gd5b16e6ec5 (webtiles) character file.

Game seed: 18273973874439254432, levelgen mode: deterministic

112 Elellon the Cudgeler (level 4, -6/28 HPs)
             Began as a Gargoyle Fighter on Jan 21, 2020.
             Mangled by an orc warrior
             ... wielding a +0 hand axe
              (9 damage)
             ... on level 3 of the Dungeon.
             The game lasted 00:04:00 (1716 turns).

Elellon the Cudgeler (Gargoyle Fighter)             Turns: 1716, Time: 00:04:01

Health: -6/28      AC: 13    Str: 21    XL:     4   Next: 95%
Magic:  4/4        EV:  5    Int:  8    God:
Gold:   89         SH:  9    Dex:  9    Spells: 3/3 levels left

rFire    . . .     SeeInvis .   a - +0 flail
rCold    . . .     Gourm    .   c - +0 shield
rNeg     + . .     Faith    .   o - +0 chain mail
rPois    ∞         Spirit   .   e - +0 helmet (curse)
rElec    +         Reflect  .   (no cloak)
rCorr    .         Harm     .   (no gloves)
MR       .....                  (no boots)
Stlth    ..........             (no amulet)
HPRegen  0.09/turn              (no ring)
MPRegen  0.09/turn              (no ring)

@: no status effects
A: negative energy resistance 1, electricity resistance, unbreathing,
petrification resistance, rot immunity, AC +3
a: no special abilities


You were on level 3 of the Dungeon.
You were not hungry.

You visited 1 branch of the dungeon, and saw 3 of its levels.

You collected 89 gold pieces.

Inventory:

Hand Weapons
 a - a +0 flail (weapon)
Armour
 c - a +0 shield (worn)
 e - a cursed +0 helmet (worn)
 o - a +0 chain mail (worn)
 q - a +0 large shield
Jewellery
 k - an uncursed ring of positive energy {unknown}
 p - a +2 ring of protection {unknown}
Scrolls
 b - 2 scrolls of fear {unknown}
 h - 3 scrolls of remove curse {unknown}
 j - 3 scrolls of teleportation {unknown}
 m - 2 scrolls of enchant armour {unknown}
 r - 2 scrolls of identify {unknown}
 s - a scroll of noise {unknown}
 t - a scroll of immolation {unknown}
Potions
 d - a potion of might
 i - a potion of flight {unknown}
 l - a potion of ambrosia {unknown}
 n - a potion of cancellation {unknown}
 u - a potion of resistance {unknown}
Comestibles
 f - 6 rations
 g - 14 chunks of flesh


   Skills:
 - Level 3.2 Fighting
 + Level 4.9 Maces & Flails
 - Level 3.2 Armour
 - Level 3.2 Shields


You had 3 spell levels left.
You didn't know any spells.
Your spell library was empty.

Dungeon Overview and Level Annotations

Branches:
Dungeon (3/15)

Altars:
Ashenzari
Cheibriados
Gozag
Vehumet


Innate Abilities, Weirdness & Mutations

You are resistant to torment.
Your stone body is resilient. (AC +3)
You are immune to poison.
You resist negative energy. (rN+)
You are resistant to electric shocks. (rElec)
You can survive without breathing.
You are immune to petrification.
You are immune to rotting.


Message History

The giant cockroach bites you but does no damage.
The orc warrior hits you but does no damage.
The giant cockroach bites you but does no damage.
You closely miss the giant cockroach.
The orc warrior hits you but does no damage.
The giant cockroach bites you but does no damage.
The orc warrior hits you but does no damage.
Your chain mail prevents you from hitting the giant cockroach.
The giant cockroach bites you but does no damage.
The orc warrior hits you but does no damage.
The giant cockroach bites you but does no damage.
You closely miss the giant cockroach. The giant cockroach bites you.
* * * LOW HITPOINT WARNING * * *
The orc warrior hits you with a +0 hand axe.
* * * LOW HITPOINT WARNING * * *
Your shield prevents you from hitting the orc warrior.
The orc warrior is severely wounded.
You block the giant cockroach's attack.
The orc warrior hits you with a +0 hand axe!
You die...

.###. ......+ ..#..#### ....#
..#?....#########..#
.._.......?.......)## #........
..#............÷..).####........
..#........!..oK..#.............
.###..........Koo##[.##.........
.###.##########s###..## .......
.### #....o@# #...####...... ...
#.###..###......#...... ..
....#............... .
#.#..#......#.#......
#.#.........#.#.##)## #
#......##.#.#.##)# #.####.
....#.##.# #. ## ##.##.##.##
..##.##.##


You could see an orc warrior, an orc wizard, 2 orcs, a giant cockroach and 2
kobolds.

Vanquished Creatures
  An orc wizard (D:3)
  An adder (D:2)
  An ooze (D:2)
  4 leopard geckos
  9 orcs (D:3)
  6 bats
  3 giant cockroaches
  12 goblins
  6 hobgoblins
  A ball python (D:2)
  4 frilled lizards
  7 kobolds
  7 rats
62 creatures vanquished.

Vanquished Creatures (others)
  A goblin (D:2)
1 creature vanquished.

Grand Total: 63 creatures vanquished

Notes
Turn   | Place    | Note
-------+----------+-------------------------------------------
     0 | D:1      | Elellon the Gargoyle Fighter began the quest for the Orb.
     0 | D:1      | Reached XP level 1. HP: 14/14 MP: 1/1
   164 | D:1      | Reached XP level 2. HP: 19/19 MP: 2/2
   293 | D:1      | Reached skill level 3 in Maces & Flails
   593 | D:2      | Reached XP level 3. HP: 23/23 MP: 3/3
   875 | D:2      | Found a radiant altar of Vehumet.
  1028 | D:2      | Found an opulent altar of Gozag.
  1029 | D:2      | Found a snail-covered altar of Cheibriados.
  1061 | D:2      | Reached skill level 4 in Maces & Flails
  1303 | D:2      | Reached XP level 4. HP: 28/28 MP: 4/4
  1687 | D:3      | Noticed an orc warrior
  1688 | D:3      | Found a shattered altar of Ashenzari.
  1716 | D:3      | Mangled by an orc warrior

Levels and vault maps discovered:
D:1:      zelgadis_glass_arrival_small, layout_rooms, minmay_fountain_box
D:2:      layout_basic, fiery_altar_vehumet, gammafunk_temple_overflow_pools,
          first_ration, minmay_tromino_v4_a
D:3:      kennysheep_goblin_castle, layout_basic, cheibrodos_ashenzari_chains,
          ebering_ghost_sewer_f, hangedman_decor_push, grunt_qazlal_clouds,
          uniq_ijyb

Skill      XL: |  1  2  3 |
---------------+----------+-----
Maces & Flails | 3 4 |  4.9
Fighting       | |  3.2
Armour         | |  3.2
Shields        | |  3.2

Action                   |  1- 3 |  4- 6 || total
-------------------------+-------+-------++-------
Melee: Flail             |   157 |    90 ||   247
  Eat: Chunk             |     2 |     1 ||     3
Armor: Scale mail        |    52 |       ||    52
       Chain mail        |    48 |    56 ||   104
Dodge: Dodged            |    65 |    17 ||    82
Block: Shield            |    92 |    43 ||   135
